Map: Jagannatha LE

Players

Scarlett - Winner!

  • Race: Zerg Zerg
  • League: Master
  • Spawn Location: 7:00

Nina

  • Race: Protoss Protoss
  • League: Grandmaster
  • Spawn Location: 1:00

Event: DreamHack SC2 Masters 2020 Winter

VOD

Have the link to the VOD?

Description

Time

  • Played on: Oct. 28, 2020, 4:58 p.m.
  • Length: 12:46

All games in this series

Show
View Real Time Build Order
Export as new Build Order

Scarlett Zerg - Winner!

Build Orders: Hatch First, Lurkers 

Get SALT Encoding   

  12  0:00  Drone  
  13  0:12  Overlord  
  13  0:16  Drone  
  14  0:30  Drone x2  
  16  0:47  Hatchery  
  15  0:51  Drone  
  15  0:55  Drone  
  17  0:58  Drone  
  18  1:08  Extractor  
  17  1:13  Spawning Pool  
  17  1:16  Drone  
  17  1:20  Drone  
  18  1:28  Drone  
  19  1:39  Drone  
  20  1:49  Drone  
  21  1:59  Queen x2  
  21  2:00  Drone, Overlord  
  26  2:10  Drone  
  26  2:11  Drone, Metabolic Boost  
  28  2:21  Drone x2  
  30  2:31  Hatchery  
  30  2:34  Drone  
  31  2:37  Zergling x2  
  31  2:42  Drone, Overlord  
  32  2:49  Queen  
  34  2:53  Zergling x2  
  34  2:54  Drone  
  36  3:06  Drone x2  
  36  3:07  Drone  
  36  3:08  Drone x2  
  36  3:12  Queen  
  43  3:14  Overlord  
  43  3:19  Overlord  
  43  3:30  Overlord  
  43  3:31  Queen  
  45  3:38  Drone x2  
  47  3:44  Drone x4  
  51  3:51  Drone  
  51  3:53  Lair  
  52  3:57  Drone  
  52  3:58  Drone x4  
  52  3:59  Roach Warren  
  56  4:05  Zergling x2  
  56  4:07  Queen  
  59  4:10  Zergling x4  
  59  4:12  Spore Crawler  
  59  4:16  Zergling x2  
  61  4:17  Spore Crawler  
  61  4:18  Spore Crawler  
  61  4:19  Zergling x4  
  61  4:22  Zergling x2  
  61  4:23  Zergling x2  
  63  4:26  Zergling x2  
  63  4:27  Zergling x2  
  65  4:32  Overlord  
  64  4:42  Zergling x12  
  70  4:50  Overseer  
  70  4:52  Drone x4  
  74  4:53  Drone x2, Glial Reconstitution  
  74  4:56  Drone x2, Extractor x2  
  74  4:59  Drone, Extractor  
  76  5:01  Evolution Chamber  
  76  5:03  Drone x3  
  78  5:11  Drone x2, Overlord  
  79  5:22  Roach  
  79  5:25  Overlord x6  
  81  5:30  Zerg Missile Weapons Level 1  
  80  5:36  Roach x4  
  80  5:40  Drone  
  89  5:44  Drone x5  
  94  5:51  Drone  
  95  5:59  Roach x2, Overlord  
  95  6:00  Drone x5  
  104  6:04  Extractor  
  104  6:05  Extractor  
  104  6:08  Drone x3, Overlord  
  104  6:09  Drone  
  106  6:14  Spire  
  107  6:18  Roach x2  
  107  6:22  Overseer  
  107  6:25  Roach x5  
  115  6:45  Overlord  
  115  6:46  Hatchery, Overlord x2  
  114  6:49  Roach x5  
  124  7:03  Pneumatized Carapace  
  119  7:14  Drone  
  119  7:15  Drone x3  
  122  7:19  Overseer  
  122  7:23  Hatchery  
  122  7:25  Mutalisk x6  
  135  7:31  Roach x4  
  135  7:36  Roach x3  
  149  7:38  Roach  
  149  7:39  Roach  
  149  7:43  Ravager x2  
  155  7:44  Roach  
  155  7:47  Roach x2  
  155  7:50  Roach x2, Zergling x8  
  142  8:06  Roach  
  142  8:07  Roach x6  
  135  8:15  Drone x2  
  135  8:18  Drone x8  
  135  8:19  Drone  
  137  8:24  Hatchery  
  137  8:26  Drone x2  
  138  8:27  Infestation Pit  
  138  8:28  Zerg Missile Weapons Level 2, Hydralisk Den  
  136  8:35  Drone x4  
  140  8:42  Drone x6  
  140  8:44  Extractor  
  140  8:45  Extractor  
  144  8:51  Zergling x8  
  148  8:59  Drone x2, Spore Crawler, Spine Crawler  
  148  9:03  Hive  
  148  9:04  Grooved Spines  
  148  9:05  Lurker Den  
  147  9:13  Hydralisk x6  
  159  9:17  Spine Crawler  
  159  9:21  Overlord x3  
  158  9:31  Hydralisk x6  
  170  9:50  Overseer  
  170  9:58  Drone  
  170  9:59  Evolution Chamber, Drone  
  171  10:00  Spine Crawler x2  
  171  10:01  Drone x8  
  171  10:02  Drone x3  
  171  10:05  Extractor  
  179  10:07  Spine Crawler  
  179  10:10  Extractor  
  177  10:15  Seismic Spines  
  177  10:16  Muscular Augments  
  177  10:17  Viper x3  
  177  10:19  Spore Crawler  
  177  10:20  Spine Crawler  
  184  10:24  Overlord  
  184  10:25  Lurker x4  
  184  10:26  Lurker  
  189  10:36  Overlord  
  189  10:37  Overlord  
  189  10:40  Lurker  
  190  10:48  Zerg Ground Armor Level 1  
  190  10:57  Lurker x2  
  192  11:09  Spine Crawler  
  192  11:10  Spine Crawler  
  190  11:17  Hydralisk x5  
  200  11:20  Adaptive Talons  
  199  11:30  Hydralisk x2  
  198  11:35  Hydralisk x2  
  182  11:41  Hydralisk x12  
  182  11:46  Zergling x26  
  194  12:05  Hydralisk x13  
  187  12:13  Hydralisk x3  
  187  12:14  Zergling x20  
  197  12:26  Hatchery, Zergling x2  
Show
View Real Time Build Order
Export as new Build Order

Nina Protoss 

Build Orders: 1 Gate Expand, Archon Immortal, Archon Drop, Dark Templar Rush 

Get SALT Encoding   

  12  0:00  Probe  
  13  0:12  Probe  
  14  0:18  Pylon  
  14  0:24  Probe  
  15  0:36  Gateway  
  15  0:38  Probe (Chrono Boost)  
  16  0:48  Assimilator, Probe (Chrono Boost)  
  17  0:53  Probe (Chrono Boost)  
  18  1:06  Probe  
  20  1:18  Probe  
  20  1:26  Nexus  
  20  1:37  Cybernetics Core  
  20  1:39  Probe  
  21  1:46  Assimilator  
  21  1:51  Probe  
  22  1:56  Pylon  
  22  2:04  Probe  
  23  2:12  Adept (Chrono Boost)  
  25  2:16  Probe  
  25  2:19  Warp Gate  
  25  2:21  Twilight Council  
  26  2:30  Probe (Chrono Boost)  
  26  2:35  Adept  
  29  2:41  Probe (Chrono Boost)  
  31  2:48  Robotics Facility, Probe (Chrono Boost)  
  31  2:50  Probe (Chrono Boost)  
  32  2:54  Probe (Chrono Boost)  
  33  3:02  Probe (Chrono Boost)  
  35  3:06  Probe (Chrono Boost)  
  35  3:09  Dark Shrine  
  35  3:11  Probe (Chrono Boost)  
  35  3:12  Probe (Chrono Boost)  
  37  3:19  Gateway  
  37  3:22  Probe x2  
  40  3:34  Probe  
  40  3:35  Warp Prism (Chrono Boost)  
  40  3:36  Gateway  
  40  3:40  Probe  
  43  3:44  Pylon  
  43  3:46  Probe  
  44  3:52  Probe  
  44  3:54  Assimilator  
  45  3:57  Assimilator  
  45  3:58  Probe  
  45  4:00  Pylon  
  46  4:04  Probe  
  46  4:07  Observer (Chrono Boost)  
  48  4:10  Probe  
  48  4:16  Probe  
  50  4:22  Probe  
  50  4:23  Dark Templar x2  
  55  4:27  Pylon  
  55  4:28  Probe  
  55  4:31  Dark Templar  
  58  4:34  Pylon  
  58  4:35  Probe  
  59  4:40  Probe  
  59  4:43  Immortal (Chrono Boost)  
  64  4:46  Pylon  
  64  4:56  Probe  
  65  5:01  Dark Templar  
  65  5:04  Dark Templar  
  69  5:08  Archon  
  69  5:09  Archon  
  69  5:16  Nexus, Immortal (Chrono Boost)  
  69  5:18  Pylon  
  73  5:23  Probe  
  74  5:29  Sentry  
  74  5:30  Probe  
  77  5:39  Probe  
  77  5:40  Blink (Chrono Boost)  
  77  5:41  Forge  
  77  5:42  Gateway  
  78  5:43  Probe  
  78  5:46  Shield Battery  
  79  5:52  Immortal  
  79  5:54  Probe  
  79  5:55  Probe  
  85  6:06  Probe  
  85  6:07  Sentry x2  
  85  6:10  Gateway, Probe  
  91  6:12  Gateway  
  91  6:14  Pylon  
  91  6:17  Adept  
  92  6:24  Protoss Ground Weapons Level 1 (Chrono Boost)  
  92  6:26  Probe  
  92  6:28  Probe  
  94  6:33  Zealot  
  94  6:37  Probe  
  94  6:38  Probe  
  98  6:40  Probe  
  98  6:44  Sentry  
  98  6:45  Sentry  
  103  6:50  Pylon, Probe x2  
  103  6:51  Gateway  
  103  6:52  Probe  
  103  6:53  Pylon  
  106  6:55  Pylon  
  106  7:02  Probe x2  
  106  7:04  Probe  
  109  7:08  Immortal  
  109  7:13  Gateway  
  109  7:14  Gateway  
  113  7:17  Stalker x3  
  113  7:21  Assimilator  
  119  7:22  Assimilator  
  119  7:33  Pylon x2  
  118  7:39  Stalker x3  
  118  7:40  Stalker x3  
  128  7:48  Observer  
  129  7:54  Stalker  
  119  8:09  Stalker x6  
  115  8:18  Stalker x3  
  101  8:32  Dark Templar  
  103  8:35  Stalker x5  
  103  8:38  Photon Cannon  
  113  8:41  Photon Cannon  
  113  8:46  Photon Cannon  
  113  8:47  Shield Battery  
  113  8:50  Stalker x2  
  113  8:52  Pylon  
  117  8:57  Stalker  
  117  9:01  Stalker x2  
  123  9:11  Stalker  
  123  9:14  Stalker x3, Protoss Ground Weapons Level 2 (Chrono Boost)  
  131  9:19  Immortal (Chrono Boost)  
  131  9:20  Pylon  
  135  9:29  Stargate  
  130  9:53  Robotics Facility  
  130  9:54  Pylon  
  130  9:55  Sentry x2  
  130  9:56  Warp Prism (Chrono Boost)  
  130  9:57  Charge  
  136  10:04  Photon Cannon  
  136  10:06  Pylon  
  136  10:08  Nexus  
  136  10:09  Zealot, Probe  
  136  10:14  Pylon  
  139  10:15  Pylon, Sentry x2  
  143  10:22  Immortal (Chrono Boost)  
  143  10:25  Templar Archives  
  147  10:29  Probe x2  
  149  10:38  Shield Battery  
  149  10:41  Photon Cannon, Immortal  
  153  10:49  Probe  
  154  10:52  Probe x2  
  154  10:56  Nexus  
  156  10:57  Psionic Storm  
  156  10:59  Pylon  
  156  11:00  Immortal  
  156  11:02  Pylon  
  160  11:09  High Templar x2  
  163  11:20  Zealot x5  
  163  11:21  Zealot x2  
  175  11:28  Immortal  
  160  11:40  Observer  
  148  11:48  Zealot x8  
  148  11:49  Zealot  
  157  12:05  Probe  
  128  12:09  Warp Prism  
  128  12:11  High Templar x2  
  128  12:12  High Templar x2, Zealot x3  
  144  12:25  Zealot x2  
  142  12:41  Archon  
Tags
 
Add a new tag
Caveats
  • Supply blocks, unpowered buildings, or Contaminate may cause inaccurate times.
  • Supply counts are checked every 10 seconds.